RedWings vs Ducks

Created - 14 janvier 2021 at 20:29

Goals
1 2 3 OT1 T
RedWings 0 1 0 0 1
Ducks 1 0 0 1 2
Shots
1 2 3 OT1 T
RedWings 3 13 8 0 24
Ducks 5 1 3 1 10

1st period

1. Ducks , Brandon Sutter 8 (Dean Kukan 1, Anders Lee 16) at 8:53

Penalties :
Dennis Gilbert (DET) for High sticking (Minor) at 19:00

2nd period

2. RedWings , David Pastrnak 18 (Connor Murphy 7, Jake Gardiner 21) at 17:33 (PP)

Penalties :
Derek Stepan (ANA) for Tripping (Minor) at 3:17, Connor Murphy (DET) for Hooking (Minor) at 3:17, Anders Lee (ANA) for Cross-checking (Minor) at 16:32

3rd period

No Goal

Penalties :
Brayden Schenn (DET) for Cross-checking (Minor) at 6:13, Anders Lee (ANA) for Hooking (Minor) at 12:34

Overtime #1

3. Ducks , Anders Lee 11 (Derek Stepan 18) at 0:18

Penalties :
No Penalty

Goalie Stats

John Gibson (DET), 8 saves from 10 shots - (0,800), OTL, 18-10-5, 60:19 minutes
Antti Raanta (ANA), 23 saves from 24 shots - (0,958), W, 10-6-2, 60:19 minutes

Players Stats for RedWings

Player Name              G  A  P  +/- PIM S  H  SB GA TA FO     MP     PP MP  PK MP  
------------------------------------------------------------------------------------
Andrew Cogliano          0  0  0   0  0   0  1  1  0  0  0/0    14:15   0:00   2:44 
Brayden Schenn           0  0  0  -1  2   1  2  0  0  0  0/0    19:31   1:17   0:00 
Brett Howden             0  0  0  -1  0   1  2  0  0  0  0/0    10:36   0:00   1:14 
Connor Murphy            0  1  1  -1  2   1  0  0  0  0  0/0    19:37   1:56   1:32 
David Pastrnak           1  0  1   0  0   2  0  0  0  0  0/0    18:44   1:43   0:00 
Dennis Gilbert           0  0  0   0  2   1  1  0  0  0  0/0    15:08   0:00   0:00 
Erik Haula               0  0  0   0  0   1  0  0  0  0  12/18  15:30   1:17   0:00 
Erik Karlsson            0  0  0   0  0   1  0  0  0  0  0/0    24:48   1:04   2:26 
Filip Forsberg           0  0  0   0  0   1  1  0  0  0  0/0    15:56   1:43   0:00 
Frans Nielsen            0  0  0  -1  0   1  0  0  0  0  4/9    10:36   0:00   1:14 
Jake Gardiner            0  1  1  -1  0   1  0  3  0  0  0/0    20:03   1:56   1:32 
John Carlson             0  0  0  -1  0   2  1  3  0  0  0/0    25:07   1:04   2:26 
Jordan Szwarz            0  0  0  -1  0   0  0  0  0  0  0/0     9:22   0:00   0:00 
Kyle Brodziak            0  0  0   0  0   2  1  0  0  0  7/10   14:15   0:00   2:44 
Nick Jensen              0  0  0   0  0   0  0  2  0  0  0/0    15:34   0:00   0:00 
Patric Hornqvist         0  0  0   0  0   2  1  0  0  0  0/0    14:26   1:17   0:00 
Ryan Hartman             0  0  0   0  0   1  1  1  0  0  1/1    11:31   0:00   0:00 
Sean Monahan             0  0  0  -1  0   6  0  0  0  0  8/18   19:58   1:43   0:00 

Players Stats for Ducks

Player Name              G  A  P  +/- PIM S  H  SB GA TA FO     MP     PP MP  PK MP  
------------------------------------------------------------------------------------
Anders Lee               1  1  2   2  4   1  0  0  0  0  0/0    18:53   2:52   0:00 
Brandon Sutter           1  0  1   1  0   1  0  1  0  0  1/2    16:49   2:52   0:00 
Brett Connolly           0  0  0   0  0   0  0  0  0  0  0/1     7:25   0:06   1:09 
Calvin de Haan           0  0  0   0  0   0  0  2  0  0  0/0    23:11   2:25   1:06 
Dean Kukan               0  1  1   1  0   0  0  1  0  0  0/0    16:07   0:06   0:19 
Derek Forbort            0  0  0   0  0   0  3  1  0  0  0/0    20:42   1:27   1:35 
Derek Stepan             0  1  1   2  2   1  0  1  0  0  11/21  22:08   2:52   2:06 
Jack Roslovic            0  0  0   0  0   0  0  0  0  0  3/7     6:10   0:00   0:00 
Jacob de La Rose         0  0  0   0  0   1  2  0  0  0  1/2    15:30   0:06   0:35 
Josh Manson              0  0  0   1  0   0  1  1  0  0  0/0    23:31   2:25   1:07 
Kyle Turris              0  0  0   0  0   0  0  0  0  0  2/8    14:23   0:00   0:19 
Luke Kunin               0  0  0   0  0   1  3  0  0  0  0/0    17:52   1:00   0:00 
Luke Schenn              0  0  0   0  0   0  1  1  0  0  0/0    20:42   1:27   1:35 
Marcus Johansson         0  0  0   0  0   1  0  0  0  0  5/12   18:16   1:00   0:24 
Michael Raffl            0  0  0   0  0   2  0  0  0  0  0/0    15:43   0:00   1:27 
Nick Ritchie             0  0  0   0  0   1  0  0  0  0  1/3     4:35   0:06   0:00 
Tucker Poolman           0  0  0   1  0   0  2  0  0  0  0/0    16:06   0:06   0:18 
Tyler Ennis              0  0  0   0  0   1  0  0  0  0  0/0    17:52   1:00   0:00 

3 Stars

1 - Brandon Sutter (ANA)
2 - Antti Raanta (ANA)
3 - Anders Lee (ANA)

Power Play

RedWings - 1 on 2 Attempt(s) - 50,00%
Ducks - 0 on 2 Attempt(s) - 0,00%

Penalty Kill

RedWings - 2 on 2 Attempt(s) - 100,00% - Score 0 goal in Penalty Kill
Ducks - 1 on 2 Attempt(s) - 50,00% - Score 0 goal in Penalty Kill

Team Stat

RedWings - Hits : 11 - Faceoff Wins : 32 - Blocked Shots : 10 - Penalty Minutes : 6
Ducks - Hits : 12 - Faceoff Wins : 24 - Blocked Shots : 8 - Penalty Minutes : 6

Official

Referees : Stephen Hiff and Robert Hennessey
Linesman : Derek Nansen and Stephen Drain

Game Notes

No Game Note

Finance

Level 1 -- Attendance: 5757 (88,57%) -- Ticket Income 633 270 $
Level 2 -- Attendance: 4693 (93,86%) -- Ticket Income 351 975 $
Level 3 -- Attendance: 2600 (100,00%) -- Ticket Income 145 600 $
Level 4 -- Attendance: 2074 (100,00%) -- Ticket Income 82 960 $
Luxury Box -- Attendance: 960 (96,00%) -- Ticket Income 191 040 $
Game was played at the Honda Center.
Total Attendance: 16084 (93,65%)
Total Ticket Income: 1 404 845 $
Other Income: 688 374 $
Total Income: 2 093 219 $

% Time on Ice - RedWings

Lines # - Real PCT - Wanted PCT - Time Play
Normal Forward
1 - 33% - 40% - 17:01
2 - 26% - 30% - 13:09
3 - 23% - 20% - 11:31
4 - 18% - 10% - 9:22
Normal Defense
1 - 35% - 40% - 18:04
2 - 32% - 30% - 16:10
3 - 30% - 20% - 15:09
4 - 3% - 10% - 1:40
PP Forward
1 - 57% - 50% - 1:43
2 - 43% - 50% - 1:17
PP Defense
1 - 36% - 60% - 1:04
2 - 64% - 40% - 1:56
PK Forward
1 - 69% - 60% - 2:44
2 - 31% - 40% - 1:14
PK Defense
1 - 61% - 60% - 2:26
2 - 39% - 40% - 1:32
PK3 Forward
1 - 0% - 60%
2 - 0% - 40%
PK3 Defense
1 - 0% - 60%
2 - 0% - 40%
44 Forward
1 - 46% - 50% - 0:55
2 - 54% - 50% - 1:04
44 Defense
1 - 79% - 60% - 1:34
2 - 21% - 40% - 0:25
Last Minute Offensive  - 0:00
Last Minute Defensive  - 0:00
Total
Forward - 60:00
Defense - 60:00

% Time on Ice - Ducks

Lines # - Real PCT - Wanted PCT - Time Play
Normal Forward
1 - 27% - 40% - 13:57
2 - 33% - 30% - 16:52
3 - 28% - 20% - 14:04
4 - 12% - 10% - 6:10
Normal Defense
1 - 34% - 40% - 17:30
2 - 33% - 30% - 16:53
3 - 31% - 20% - 15:42
4 - 2% - 10% - 0:58
PP Forward
1 - 72% - 60% - 2:52
2 - 28% - 40% - 1:06
PP Defense
1 - 61% - 60% - 2:25
2 - 39% - 40% - 1:33
PK Forward
1 - 100% - 60% - 3:00
2 - 0% - 40% - 0:00
PK Defense
1 - 47% - 60% - 1:25
2 - 53% - 40% - 1:35
PK3 Forward
1 - 0% - 60%
2 - 0% - 40%
PK3 Defense
1 - 0% - 60%
2 - 0% - 40%
44 Forward
1 - 100% - 60% - 1:59
2 - 0% - 40% - 0:00
44 Defense
1 - 61% - 60% - 1:12
2 - 39% - 40% - 0:47
Last Minute Offensive  - 0:00
Last Minute Defensive  - 0:00
Total
Forward - 60:00
Defense - 60:00

Play-by-Play

1st period


0:01 of 1st period - Derek Stepan wins face-off versus Sean Monahan in neutral zone.
0:18 of 1st period - Shot by Brandon Sutter.
0:18 of 1st period - Shot Blocked by John Carlson.
0:20 of 1st period - Shot by Derek Stepan.
0:20 of 1st period - Shot Misses the Net.
0:22 of 1st period - Shot by Josh Manson.
0:22 of 1st period - Shot Misses the Net.
1:05 of 1st period - Erik Haula is hit by Derek Forbort and loses puck.
2:04 of 1st period - Michael Raffl is hit by Dennis Gilbert and loses puck.
2:43 of 1st period - Icing by Josh Manson.
2:44 of 1st period - Jack Roslovic wins face-off versus Sean Monahan in Ducks zone.
3:04 of 1st period - Icing by Josh Manson.
3:05 of 1st period - Jack Roslovic wins face-off versus Erik Haula in Ducks zone.
3:56 of 1st period - Shot by Luke Kunin.
3:56 of 1st period - Shot Misses the Net.
4:37 of 1st period - Shot by Jacob de La Rose.
4:37 of 1st period - Shot Blocked by Jake Gardiner.
5:01 of 1st period - Shot by Brayden Schenn.
5:01 of 1st period - Shot Misses the Net.
5:03 of 1st period - Shot by David Pastrnak.
5:03 of 1st period - Shot Misses the Net.
5:05 of 1st period - Shot by Erik Karlsson.
5:05 of 1st period - Stopped by Antti Raanta without a rebound.
5:06 of 1st period - Frans Nielsen wins face-off versus Marcus Johansson in Ducks zone.
6:12 of 1st period - Shot by David Pastrnak.
6:12 of 1st period - Deflect By Brayden Schenn.
6:12 of 1st period - Shot Misses the Net.
6:28 of 1st period - Dennis Gilbert is hit by Jacob de La Rose and loses puck.
7:03 of 1st period - Icing by Jacob de La Rose.
7:04 of 1st period - Kyle Brodziak wins face-off versus Kyle Turris in Ducks zone.
8:27 of 1st period - Shot by Marcus Johansson.
8:27 of 1st period - Stopped by John Gibson with a rebound.
8:29 of 1st period - Shot by Luke Kunin.
8:29 of 1st period - Shot Blocked by Jake Gardiner.
8:31 of 1st period - Shot by Derek Forbort.
8:31 of 1st period - Shot Misses the Net.
8:33 of 1st period - Shot by Luke Kunin.
8:33 of 1st period - Stopped by John Gibson with a rebound.
8:49 of 1st period - Shot by Brandon Sutter.
8:49 of 1st period - Shot Misses the Net.
8:53 of 1st period - Shot by Brandon Sutter.
8:53 of 1st period - Goal by Brandon Sutter - RedWings : 0 - Ducks : 1.
8:54 of 1st period - Sean Monahan wins face-off versus Jack Roslovic in neutral zone.
8:59 of 1st period - Shot by David Pastrnak.
8:59 of 1st period - Stopped by Antti Raanta without a rebound.
9:00 of 1st period - Derek Stepan wins face-off versus Sean Monahan in Ducks zone.
9:32 of 1st period - Shot by Brandon Sutter.
9:32 of 1st period - Shot Blocked by Nick Jensen.
10:14 of 1st period - Shot by Luke Kunin.
10:14 of 1st period - Shot Blocked by Nick Jensen.
10:53 of 1st period - Erik Karlsson is hit by Luke Kunin and loses puck.
11:15 of 1st period - Shot by Ryan Hartman.
11:15 of 1st period - Stopped by Antti Raanta without a rebound.
11:16 of 1st period - Derek Stepan wins face-off versus Kyle Brodziak in Ducks zone.
11:16 of 1st period - Derek Stepan is hit by Ryan Hartman.
11:29 of 1st period - Icing by Andrew Cogliano.
11:30 of 1st period - Ryan Hartman wins face-off versus Kyle Turris in RedWings zone.
12:07 of 1st period - John Carlson is hit by Jacob de La Rose and loses puck.
12:30 of 1st period - Shot by Derek Stepan.
12:30 of 1st period - Shot Hit the Post.
13:10 of 1st period - Shot by Nick Ritchie.
13:10 of 1st period - Shot Misses the Net.
14:03 of 1st period - Off-side.
14:04 of 1st period - Erik Haula wins face-off versus Kyle Turris in neutral zone.
14:09 of 1st period - Shot by Michael Raffl.
14:09 of 1st period - Stopped by John Gibson without a rebound.
14:10 of 1st period - Erik Haula wins face-off versus Brandon Sutter in RedWings zone.
14:36 of 1st period - Icing by Connor Murphy.
14:37 of 1st period - Erik Haula wins face-off versus Marcus Johansson in RedWings zone.
17:29 of 1st period - Shot by Tyler Ennis.
17:29 of 1st period - Stopped by John Gibson without a rebound.
17:30 of 1st period - Erik Haula wins face-off versus Kyle Turris in RedWings zone.
18:53 of 1st period - Shot by Marcus Johansson.
18:53 of 1st period - Shot Misses the Net.
18:55 of 1st period - Shot by Tucker Poolman.
18:55 of 1st period - Shot Misses the Net.
18:59 of 1st period - Shot by Luke Kunin.
18:59 of 1st period - Shot Hit the Post.
19:00 of 1st period - Minor Penalty to Dennis Gilbert for High sticking.
19:01 of 1st period - Derek Stepan wins face-off versus Kyle Brodziak in RedWings zone.
19:24 of 1st period - Derek Stepan is hit by John Carlson and loses puck.
19:39 of 1st period - Shot by Anders Lee.
19:39 of 1st period - Shot Blocked by Andrew Cogliano.
Goals for this period are 0 for RedWings vs 1 for Ducks.
Shots for this period are 3 for RedWings vs 5 for Ducks.

2nd period


0:01 of 2nd period - Kyle Brodziak wins face-off versus Derek Stepan in neutral zone.
0:04 of 2nd period - Josh Manson is hit by Andrew Cogliano and loses puck.
0:31 of 2nd period - Shot by Josh Manson.
0:31 of 2nd period - Shot Misses the Net.
1:19 of 2nd period - Shot by Sean Monahan.
1:19 of 2nd period - Stopped by Antti Raanta without a rebound.
1:20 of 2nd period - Marcus Johansson wins face-off versus Erik Haula in Ducks zone.
1:41 of 2nd period - Shot by Tyler Ennis.
1:41 of 2nd period - Shot Blocked by John Carlson.
2:11 of 2nd period - Shot by David Pastrnak.
2:11 of 2nd period - Shot Misses the Net.
2:49 of 2nd period - Shot by Josh Manson.
2:49 of 2nd period - Shot Misses the Net.
3:17 of 2nd period - Minor Penalty to Derek Stepan for Tripping.
3:17 of 2nd period - Minor Penalty to Connor Murphy for Hooking.
3:18 of 2nd period - Erik Haula wins face-off versus Nick Ritchie in RedWings zone.
3:45 of 2nd period - Shot by Nick Ritchie.
3:45 of 2nd period - Shot Misses the Net.
3:47 of 2nd period - Shot by Nick Ritchie.
3:47 of 2nd period - Stopped by John Gibson without a rebound.
3:48 of 2nd period - Erik Haula wins face-off versus Jacob de La Rose in RedWings zone.
3:50 of 2nd period - Icing by John Carlson.
3:51 of 2nd period - Erik Haula wins face-off versus Nick Ritchie in RedWings zone.
4:24 of 2nd period - Icing by Nick Ritchie.
4:25 of 2nd period - Nick Ritchie wins face-off versus Sean Monahan in Ducks zone.
4:44 of 2nd period - Shot by Brayden Schenn.
4:44 of 2nd period - Shot Blocked by Calvin de Haan.
4:46 of 2nd period - Shot by Jake Gardiner.
4:46 of 2nd period - Stopped by Antti Raanta without a rebound.
4:47 of 2nd period - Jacob de La Rose wins face-off versus Sean Monahan in Ducks zone.
5:06 of 2nd period - Shot by Sean Monahan.
5:06 of 2nd period - Stopped by Antti Raanta with a rebound.
5:26 of 2nd period - Shot by Andrew Cogliano.
5:26 of 2nd period - Shot Misses the Net.
5:28 of 2nd period - Shot by Kyle Brodziak.
5:28 of 2nd period - Stopped by Antti Raanta without a rebound.
5:29 of 2nd period - Frans Nielsen wins face-off versus Jack Roslovic in Ducks zone.
5:29 of 2nd period - Brett Howden is hit by Tucker Poolman and loses puck.
5:58 of 2nd period - Shot by Brett Howden.
5:58 of 2nd period - Stopped by Antti Raanta without a rebound.
5:59 of 2nd period - Marcus Johansson wins face-off versus Erik Haula in Ducks zone.
6:59 of 2nd period - David Pastrnak is hit by Derek Forbort and loses puck.
8:02 of 2nd period - Shot by Andrew Cogliano.
8:02 of 2nd period - Shot Misses the Net.
9:22 of 2nd period - Shot by Kyle Turris.
9:22 of 2nd period - Shot Misses the Net.
9:42 of 2nd period - Shot by Sean Monahan.
9:42 of 2nd period - Shot Blocked by Dean Kukan.
9:44 of 2nd period - Shot by Dennis Gilbert.
9:44 of 2nd period - Stopped by Antti Raanta without a rebound.
9:45 of 2nd period - Jack Roslovic wins face-off versus Erik Haula in Ducks zone.
9:52 of 2nd period - Shot by Derek Stepan.
9:52 of 2nd period - Shot Misses the Net.
9:55 of 2nd period - Icing by Jake Gardiner.
9:56 of 2nd period - Erik Haula wins face-off versus Derek Stepan in RedWings zone.
10:07 of 2nd period - Shot by Filip Forsberg.
10:07 of 2nd period - Stopped by Antti Raanta without a rebound.
10:08 of 2nd period - Sean Monahan wins face-off versus Brett Connolly in Ducks zone.
10:48 of 2nd period - Josh Manson is hit by Brayden Schenn and loses puck.
10:59 of 2nd period - Shot by Calvin de Haan.
10:59 of 2nd period - Shot Blocked by John Carlson.
11:10 of 2nd period - Shot by Filip Forsberg.
11:10 of 2nd period - Deflect By Patric Hornqvist.
11:10 of 2nd period - Shot Blocked by Josh Manson.
11:12 of 2nd period - Shot by Erik Haula.
11:12 of 2nd period - Shot Misses the Net.
13:01 of 2nd period - Shot by Brayden Schenn.
13:01 of 2nd period - Shot Misses the Net.
13:09 of 2nd period - Shot by Sean Monahan.
13:09 of 2nd period - Stopped by Antti Raanta without a rebound.
13:10 of 2nd period - Erik Haula wins face-off versus Jack Roslovic in Ducks zone.
13:19 of 2nd period - Shot by Filip Forsberg.
13:19 of 2nd period - Deflect By Patric Hornqvist.
13:19 of 2nd period - Shot Misses the Net.
13:48 of 2nd period - Derek Forbort is hit by Filip Forsberg and loses puck.
13:52 of 2nd period - Icing by Derek Forbort.
13:53 of 2nd period - Sean Monahan wins face-off versus Marcus Johansson in Ducks zone.
14:02 of 2nd period - Shot by Sean Monahan.
14:02 of 2nd period - Stopped by Antti Raanta without a rebound.
14:03 of 2nd period - Brandon Sutter wins face-off versus Sean Monahan in Ducks zone.
16:19 of 2nd period - Icing by Erik Karlsson.
16:20 of 2nd period - Kyle Brodziak wins face-off versus Derek Stepan in RedWings zone.
16:32 of 2nd period - Minor Penalty to Anders Lee for Cross-checking.
16:33 of 2nd period - Derek Stepan wins face-off versus Sean Monahan in Ducks zone.
16:41 of 2nd period - Icing by Connor Murphy.
16:42 of 2nd period - Sean Monahan wins face-off versus Derek Stepan in RedWings zone.
16:47 of 2nd period - Shot by Jake Gardiner.
16:47 of 2nd period - Shot Blocked by Calvin de Haan.
16:49 of 2nd period - Shot by Connor Murphy.
16:49 of 2nd period - Stopped by Antti Raanta without a rebound.
16:50 of 2nd period - Derek Stepan wins face-off versus Erik Haula in Ducks zone.
16:59 of 2nd period - Shot by Erik Haula.
16:59 of 2nd period - Stopped by Antti Raanta without a rebound.
17:00 of 2nd period - Derek Stepan wins face-off versus Sean Monahan in Ducks zone.
17:29 of 2nd period - Shot by Jake Gardiner.
17:29 of 2nd period - Shot Misses the Net.
17:31 of 2nd period - Shot by Connor Murphy.
17:31 of 2nd period - Shot Blocked by Derek Forbort.
17:33 of 2nd period - Shot by David Pastrnak.
17:33 of 2nd period - Goal by David Pastrnak - RedWings : 1 - Ducks : 1.
17:34 of 2nd period - Marcus Johansson wins face-off versus Frans Nielsen in neutral zone.
18:24 of 2nd period - Icing by Erik Karlsson.
18:25 of 2nd period - Derek Stepan wins face-off versus Frans Nielsen in RedWings zone.
19:01 of 2nd period - Shot by Brandon Sutter.
19:01 of 2nd period - Deflect By Anders Lee.
19:01 of 2nd period - Shot Misses the Net.
19:54 of 2nd period - Shot by Patric Hornqvist.
19:54 of 2nd period - Stopped by Antti Raanta without a rebound.
19:55 of 2nd period - Marcus Johansson wins face-off versus Kyle Brodziak in Ducks zone.
Goals for this period are 1 for RedWings vs 0 for Ducks.
Shots for this period are 13 for RedWings vs 1 for Ducks.

3rd period


0:01 of 3rd period - Sean Monahan wins face-off versus Derek Stepan in neutral zone.
1:07 of 3rd period - Off-side.
1:08 of 3rd period - Erik Haula wins face-off versus Kyle Turris in neutral zone.
1:14 of 3rd period - Erik Haula is hit by Tucker Poolman and loses puck.
1:23 of 3rd period - Shot by Michael Raffl.
1:23 of 3rd period - Stopped by John Gibson without a rebound.
1:24 of 3rd period - Kyle Brodziak wins face-off versus Marcus Johansson in RedWings zone.
1:24 of 3rd period - Ryan Hartman is hit by Luke Kunin and loses puck.
1:47 of 3rd period - Shot by Luke Kunin.
1:47 of 3rd period - Shot Misses the Net.
1:52 of 3rd period - Ryan Hartman is hit by Luke Schenn and loses puck.
2:23 of 3rd period - Shot by Josh Manson.
2:23 of 3rd period - Shot Blocked by Jake Gardiner.
2:25 of 3rd period - Shot by Derek Stepan.
2:25 of 3rd period - Stopped by John Gibson without a rebound.
2:26 of 3rd period - Erik Haula wins face-off versus Kyle Turris in RedWings zone.
2:41 of 3rd period - Shot by Michael Raffl.
2:41 of 3rd period - Shot Misses the Net.
2:43 of 3rd period - Shot by Michael Raffl.
2:43 of 3rd period - Shot Hit the Post.
2:45 of 3rd period - Shot by Jacob de La Rose.
2:45 of 3rd period - Shot Misses the Net.
3:43 of 3rd period - Shot by David Pastrnak.
3:43 of 3rd period - Shot Misses the Net.
3:59 of 3rd period - Shot by Sean Monahan.
3:59 of 3rd period - Stopped by Antti Raanta with a rebound.
4:30 of 3rd period - Frans Nielsen is hit by Derek Forbort and loses puck.
4:35 of 3rd period - Shot by Nick Jensen.
4:35 of 3rd period - Shot Misses the Net.
4:44 of 3rd period - Shot by Jordan Szwarz.
4:44 of 3rd period - Shot Hit the Post.
6:04 of 3rd period - Shot by Jacob de La Rose.
6:04 of 3rd period - Stopped by John Gibson without a rebound.
6:05 of 3rd period - Sean Monahan wins face-off versus Jack Roslovic in RedWings zone.
6:10 of 3rd period - Shot by Brayden Schenn.
6:10 of 3rd period - Deflect By David Pastrnak.
6:10 of 3rd period - Shot Misses the Net.
6:13 of 3rd period - Minor Penalty to Brayden Schenn for Cross-checking.
6:14 of 3rd period - Kyle Brodziak wins face-off versus Derek Stepan in RedWings zone.
7:14 of 3rd period - Shot by Tyler Ennis.
7:14 of 3rd period - Shot Misses the Net.
8:24 of 3rd period - Shot by Sean Monahan.
8:24 of 3rd period - Stopped by Antti Raanta without a rebound.
8:25 of 3rd period - Kyle Turris wins face-off versus Erik Haula in Ducks zone.
9:31 of 3rd period - Shot by Jack Roslovic.
9:31 of 3rd period - Shot Misses the Net.
9:37 of 3rd period - Derek Forbort is hit by Brayden Schenn and loses puck.
9:50 of 3rd period - Shot by Brayden Schenn.
9:50 of 3rd period - Stopped by Antti Raanta without a rebound.
9:51 of 3rd period - Frans Nielsen wins face-off versus Marcus Johansson in Ducks zone.
9:51 of 3rd period - Jake Gardiner is hit by Josh Manson and loses puck.
10:08 of 3rd period - Shot by Frans Nielsen.
10:08 of 3rd period - Stopped by Antti Raanta without a rebound.
10:09 of 3rd period - Kyle Brodziak wins face-off versus Derek Stepan in Ducks zone.
10:21 of 3rd period - Tucker Poolman is hit by Kyle Brodziak and loses puck.
11:01 of 3rd period - Off-side.
11:02 of 3rd period - Kyle Turris wins face-off versus Sean Monahan in neutral zone.
11:26 of 3rd period - Shot by David Pastrnak.
11:26 of 3rd period - Shot Misses the Net.
12:15 of 3rd period - Shot by Patric Hornqvist.
12:15 of 3rd period - Stopped by Antti Raanta without a rebound.
12:16 of 3rd period - Derek Stepan wins face-off versus Frans Nielsen in Ducks zone.
12:34 of 3rd period - Minor Penalty to Anders Lee for Hooking.
12:35 of 3rd period - Erik Haula wins face-off versus Derek Stepan in Ducks zone.
12:42 of 3rd period - Shot by Erik Karlsson.
12:42 of 3rd period - Shot Misses the Net.
12:44 of 3rd period - Shot by Erik Haula.
12:44 of 3rd period - Shot Misses the Net.
12:46 of 3rd period - Shot by John Carlson.
12:46 of 3rd period - Stopped by Antti Raanta without a rebound.
12:47 of 3rd period - Sean Monahan wins face-off versus Derek Stepan in Ducks zone.
13:12 of 3rd period - Shot by John Carlson.
13:12 of 3rd period - Stopped by Antti Raanta with a rebound.
13:14 of 3rd period - Shot by Sean Monahan.
13:14 of 3rd period - Shot Blocked by Derek Stepan.
13:53 of 3rd period - Calvin de Haan is hit by Patric Hornqvist and loses puck.
14:35 of 3rd period - Icing by Erik Karlsson.
14:36 of 3rd period - Kyle Brodziak wins face-off versus Marcus Johansson in RedWings zone.
14:47 of 3rd period - Shot by Kyle Brodziak.
14:47 of 3rd period - Stopped by Antti Raanta without a rebound.
14:48 of 3rd period - Derek Stepan wins face-off versus Frans Nielsen in Ducks zone.
16:17 of 3rd period - Shot by Marcus Johansson.
16:17 of 3rd period - Shot Blocked by Ryan Hartman.
18:29 of 3rd period - Icing by Josh Manson.
18:30 of 3rd period - Frans Nielsen wins face-off versus Marcus Johansson in Ducks zone.
18:36 of 3rd period - Icing by Marcus Johansson.
18:37 of 3rd period - Marcus Johansson wins face-off versus Frans Nielsen in Ducks zone.
18:37 of 3rd period - Marcus Johansson is hit by Brett Howden.
18:40 of 3rd period - Tyler Ennis is hit by Brett Howden and loses puck.
18:50 of 3rd period - Frans Nielsen is hit by Luke Kunin.
19:04 of 3rd period - Off-side.
19:05 of 3rd period - Sean Monahan wins face-off versus Derek Stepan in neutral zone.
19:12 of 3rd period - Shot by Jake Gardiner.
19:12 of 3rd period - Shot Blocked by Luke Schenn.
19:14 of 3rd period - Shot by Sean Monahan.
19:14 of 3rd period - Shot Blocked by Brandon Sutter.
19:32 of 3rd period - Shot by Anders Lee.
19:32 of 3rd period - Shot Misses the Net.
19:42 of 3rd period - Shot by Brandon Sutter.
19:42 of 3rd period - Deflect By Anders Lee.
19:42 of 3rd period - Shot Misses the Net.
Goals for this period are 0 for RedWings vs 0 for Ducks.
Shots for this period are 8 for RedWings vs 3 for Ducks.

Overtime #1


0:01 of 1st overtime period - Derek Stepan wins face-off versus Sean Monahan in neutral zone.
0:18 of 1st overtime period - Shot by Anders Lee.
0:18 of 1st overtime period - Goal by Anders Lee - RedWings : 1 - Ducks : 2.
Goals for this period are 0 for RedWings vs 1 for Ducks.
Shots for this period are 0 for RedWings vs 1 for Ducks.